Mr T, neutral female gnomish Wizard ----- |...| |....###### |...| %I... ------- |...| ......>.. |......# --.-- ---------- |..<(.|# ## |.....|# # -------### #%# # # ### ####### # -----------.---- ###|..............| #...............| |..............| |..............| ---------------- Mr T the Conjurer Experience level: 5 Strength: 7 Dexterity: 12 Constitution: 17 Intelligence: 19 Wisdom: 11 Charisma: 10 Health: 0(38) Energy: 21(43) Def: 4 Gold: 0 Moves: 3062 Dungeon seed: NlEau-jYYuPcB-MT Game ID: Mr T_1537408082 Your Inventory: Weapons v - a +0 dagger (weapon in hand) x - a +1 long sword Armor e - an uncursed +0 cloak of magic resistance (being worn) y - an uncursed +0 mummy wrapping z - a blessed +2 orcish helm L - an uncursed +0 studded leather armor (being worn) Comestibles m - an uncursed tripe ration J - an uncursed fortune cookie Scrolls i - 2 uncursed scrolls of identify j - an uncursed scroll of teleportation G - a cursed scroll of remove curse I - an uncursed scroll of enchant armor Potions f - an uncursed potion of extra healing g - an uncursed potion of healing h - an uncursed potion of booze H - an uncursed potion of blindness Q - an uncursed potion of sleeping Rings c - an uncursed ring of fire resistance d - an uncursed ring of regeneration Wands b - a wand of make invisible (0:7) U - a wand of digging (0:7) Tools p - a magic harp (0:7) Gems n - an uncursed worthless piece of black glass q - an uncursed worthless piece of violet glass r - 3 uncursed worthless pieces of red glass D - 3 uncursed worthless pieces of green glass Y - an uncursed worthless piece of white glass Spells and supernatural/magical abilities: Name Level Category Fail Memory a - force bolt 1 attack 0% 85% c - cause fear 3 enchantment 0% 94% k - knock 1 matter 0% 85% p - protection 1 clerical 0% 88% I - identify 3 divination 79% 94% O - create monster 2 clerical 47% 88% W - pray for help -- divine ? -- Your skills at the end: Fighting Skills Weapon Skills quarterstaff [Basic] Spellcasting Skills attack spells [Basic] enchantment spells [Basic] Final Attributes: You were piously aligned. You were magic-protected. You had infravision. You are dead. Vanquished creatures: 3 leprechauns 3 human zombies a shrieker a kobold mummy a gray ooze a homunculus a rothe a wererat a hobbit 5 manes a large kobold a hobgoblin a giant rat a green mold 2 garter snakes a gecko 6 jackals 2 foxes a kobold 4 goblins 3 sewer rats 6 grid bugs 4 lichens 3 newts 54 creatures vanquished. Voluntary challenges: You were an atheist. You used a wielded weapon 48 times, starting on turn 80. You read items or engraved 24 times, starting on turn 519. You never genocided any monsters. You never polymorphed an object. You never changed form. You used no wishes. You never split a pudding. You never wrote Elbereth's name. You never violated your personal moral code. Dungeon overview: The Dungeons of Doom: levels 1 to 7 Level 1 a fountain a long staircase Level 2 a long staircase Level 3 Level 4 a fountain Level 5 a potion shop Level 6 Level 7 <- You were here History has recorded: On T:1 you entered the Dungeons of Doom to retrieve the Amulet of Yendor! On T:114 you reached level 2 of The Dungeons of Doom. On T:356 you reached level 3 of The Dungeons of Doom. On T:565 you advanced to experience level 2. On T:716 you advanced to experience level 3. On T:1018 you reached level 4 of The Dungeons of Doom. On T:1484 you advanced to experience level 4. On T:1563 you reached level 5 of The Dungeons of Doom. On T:1785 you reached level 6 of The Dungeons of Doom. On T:1788 you reached level 7 of The Dungeons of Doom. On T:2584 you advanced to experience level 5. Score breakdown: Gold: 0 ( 0 points) Experience: 5 levels (11141 points) Exploration: 7 levels ( 14.29%) (10606 points) Discoveries: 5 items ( 1.74%) ( 3952 points) Valuables value: (no points given unless you survive) Artifact value: 0 ( 0 points) Variety of kills: 24 monsters ( 6.30%) ( 7529 points) Turncount: 3062 turns ( -630 points) Survival: died (score multiplied by 80%) Total score: 26078 Latest messages: The rothe misses Bisquick. You are too hungry to cast that spell. You hit the rothe. Bisquick bites the rothe. The rothe hits! The rothe misses. (2x) The rothe hits! The rothe misses. The rothe bites! You miss the rothe. Bisquick bites the rothe. The rothe is killed! The rothe hits! The rothe bites! (2x) You faint from lack of food. It hits! It bites! (2x) It hits! It bites! You die... Final status: Goodbye Mr T the Wizard, killed by a rothe, while fainted from lack of food... You died in The Dungeons of Doom on dungeon level 7 with 26078 points, and 0 pieces of gold, after 3062 moves. You were level 5 with a maximum of 38 hit points when you died.